| TOP OF THE 1ST |
|
Montgomery Rebels batting - Pitching for Birmingham Barons : LHP Gene Lambert
|
|
Pitching: LHP Gene Lambert
|
|
|
Batting: LHB Chris Stropolo
|
0-0: Ball 1-0: Ball 2-0: Ball 3-0: Base on Balls
|
|
Batting: RHB Glenn Williams
|
0-0: Ball Chris Stropolo steals 2nd base (no throw) 1-0: Ball 2-0: Fly out, F3 (Popup, 3SF, EV 80.0 MPH)
|
|
Batting: LHB Greg Brock
|
0-0: Foul Ball, location: 2F 0-1: Swinging Strike 0-2: Foul Ball, location: 2F 0-2: Strikes out looking
|
|
Batting: LHB Dwayne Murphy
|
0-0: Called Strike 0-1: Ground out 6-3 (Groundball, 6, EV 89.4 MPH)
|
| Top of the 1st over - 0 runs, 0 hits, 0 errors, 1 left on base; Montgomery 0 - Birmingham 0 |
| BOTTOM OF THE 1ST |
|
Birmingham Barons batting - Pitching for Montgomery Rebels : LHP Shane Rawley
|
|
Pitching: LHP Shane Rawley
|
|
|
Batting: RHB Bob Bathe
|
0-0: Ground out 6-3 (Groundball, 56D, EV 88.8 MPH)
|
|
Batting: LHB Vernon Ramie
|
0-0: Ball 1-0: Called Strike 1-1: Foul Ball, location: 2F 1-2: Foul Ball, location: 2F 1-2: Ball 2-2: Ball 3-2: Base on Balls
|
|
Batting: RHB Tim Hulett
|
0-0: Ball 1-0: SINGLE (Groundball, 34, EV 95.6 MPH) Vernon Ramie to second Runner from 2nd tries for 3rd, OUT! 9-5 Tim Hulett to second
|
|
Batting: RHB Bill R Moore
|
0-0: Fly out, F8 (Flyball, 78XD, EV 103.1 MPH)
|
| Bottom of the 1st over - 0 runs, 1 hit, 0 errors, 1 left on base; Montgomery 0 - Birmingham 0 |
| TOP OF THE 2ND |
|
Montgomery Rebels batting - Pitching for Birmingham Barons : LHP Gene Lambert
|
|
Batting: RHB Roberto Palacios
|
0-0: Called Strike 0-1: Called Strike 0-2: Fly out, F8 (Line Drive, 8RD, EV 90.6 MPH)
|
|
Batting: SHB Arthur Fischetti
|
0-0: Swinging Strike 0-1: Ball 1-1: Ball 2-1: Ball 3-1: Base on Balls
|
|
Batting: RHB Jeff Schumaker
|
0-0: Ball 1-0: Called Strike 1-1: Swinging Strike 1-2: Strikes out swinging
|
|
Batting: SHB Mike Thorpe
|
0-0: Called Strike 0-1: Ball 1-1: Ball 2-1: Ball 3-1: Base on Balls Arthur Fischetti to second
|
|
Batting: RHB Mike Colbern
|
0-0: Ball 1-0: Fielders Choice at 2nd, 6-4 (Groundball, 6, EV 92.5 MPH)
|
| Top of the 2nd over - 0 runs, 0 hits, 0 errors, 2 left on base; Montgomery 0 - Birmingham 0 |
| BOTTOM OF THE 2ND |
|
Birmingham Barons batting - Pitching for Montgomery Rebels : LHP Shane Rawley
|
|
Batting: RHB Jim Wilson
|
0-0: Called Strike 0-1: Ball 1-1: Ball 2-1: Ball 3-1: Base on Balls
|
|
Batting: RHB Rod Johnson
|
0-0: Ball 1-0: Fly out, F8 (Flyball, 8RS, EV 91.9 MPH)
|
|
Batting: RHB Kenneth Patterson
|
0-0: Ball 1-0: Foul Ball, location: 2F 1-1: Ball 2-1: Swinging Strike 2-2: Fly out, F8 (Flyball, 8RD, EV 105.0 MPH)
|
|
Batting: RHB Nick Hernandez
|
0-0: Swinging Strike 0-1: Ground out 4-3 (Groundball, 4, EV 84.4 MPH)
|
| Bottom of the 2nd over - 0 runs, 0 hits, 0 errors, 1 left on base; Montgomery 0 - Birmingham 0 |
| TOP OF THE 3RD |
|
Montgomery Rebels batting - Pitching for Birmingham Barons : LHP Gene Lambert
|
|
Batting: LHB Chris Stropolo
|
0-0: Ball 1-0: Called Strike 1-1: Foul Ball, location: 2F 1-2: Ball 2-2: Ball 3-2: Fly out, F7 (Flyball, 7D, EV 100.0 MPH)
|
|
Batting: RHB Glenn Williams
|
0-0: Ball 1-0: Swinging Strike 1-1: Ball 2-1: Foul Ball, location: 2F 2-2: Foul Ball, location: 2F 2-2: Ball 3-2: Foul Ball, location: 2F 3-2: Strikes out swinging
|
|
Batting: LHB Greg Brock
|
0-0: Called Strike 0-1: Called Strike 0-2: Fly out, F9 (Flyball, 9LS, EV 67.5 MPH)
|
| Top of the 3rd over - 0 runs, 0 hits, 0 errors, 0 left on base; Montgomery 0 - Birmingham 0 |
| BOTTOM OF THE 3RD |
|
Birmingham Barons batting - Pitching for Montgomery Rebels : LHP Shane Rawley
|
|
Batting: SHB Giampietro Pasquetto
|
0-0: SINGLE (Groundball, 6D, EV 102.5 MPH)
|
|
Batting: RHB Bob Bathe
|
0-0: Called Strike 0-1: Ball 1-1: Fielders Choice at 2nd, 6-4 (Groundball, 56, EV 86.9 MPH)
|
|
Now at 2B: Billy Malpas
|
|
|
Batting: LHB Vernon Ramie
|
0-0: Swinging Strike 0-1: Swinging Strike 0-2: Ball 1-2: Foul Ball, location: 2F 1-2: Strikes out swinging
|
|
Batting: RHB Tim Hulett
|
0-0: Ball 1-0: Fly out, F9 (Flyball, 9D, EV 103.1 MPH)
|
| Bottom of the 3rd over - 0 runs, 1 hit, 0 errors, 1 left on base; Montgomery 0 - Birmingham 0 |
| TOP OF THE 4TH |
|
Montgomery Rebels batting - Pitching for Birmingham Barons : LHP Gene Lambert
|
|
Batting: LHB Dwayne Murphy
|
0-0: Fly out, F9 (Flyball, 9S, EV 83.8 MPH)
|
|
Batting: RHB Roberto Palacios
|
0-0: Fly out, F8 (Flyball, 8LD, EV 97.5 MPH)
|
|
Batting: SHB Arthur Fischetti
|
0-0: Ball 1-0: Swinging Strike 1-1: Ball 2-1: Swinging Strike 2-2: Ball 3-2: Base on Balls
|
|
Batting: SHB Billy Malpas
|
0-0: Called Strike 0-1: Foul Ball, location: 2F 0-2: Ball 1-2: SINGLE (Groundball, 56D, EV 96.9 MPH) Arthur Fischetti to second
|
|
Batting: SHB Mike Thorpe
|
0-0: Called Strike 0-1: Ball 1-1: Ball 2-1: Ball 3-1: Fielders Choice at 2nd, 6-4 (Groundball, 6, EV 91.9 MPH)
|
| Top of the 4th over - 0 runs, 1 hit, 0 errors, 2 left on base; Montgomery 0 - Birmingham 0 |
| BOTTOM OF THE 4TH |
|
Birmingham Barons batting - Pitching for Montgomery Rebels : LHP Shane Rawley
|
|
Batting: RHB Bill R Moore
|
0-0: SINGLE (Groundball, 6MD, EV 99.4 MPH)
|
|
Batting: RHB Jim Wilson
|
0-0: Ball 1-0: Ball 2-0: Called Strike 2-1: DOUBLE (Line Drive, 7LS, EV 103.8 MPH) Bill R Moore to third
|
|
Batting: RHB Rod Johnson
|
0-0: Foul Ball, location: 2F 0-1: Foul Ball, location: 2F 0-2: Ground out 6-3 (Groundball, 6, EV 88.8 MPH) Bill R Moore scores Jim Wilson to third
|
|
Batting: RHB Kenneth Patterson
|
0-0: Called Strike 0-1: Ball 1-1: Ground out 6-3 (Groundball, 4MD, EV 95.0 MPH) Jim Wilson scores
|
|
Batting: RHB Nick Hernandez
|
0-0: Ball 1-0: Swinging Strike 1-1: Called Strike 1-2: Ball 2-2: Strikes out swinging
|
| Bottom of the 4th over - 2 runs, 2 hits, 0 errors, 0 left on base; Montgomery 0 - Birmingham 2 |
| TOP OF THE 5TH |
|
Montgomery Rebels batting - Pitching for Birmingham Barons : LHP Gene Lambert
|
|
Batting: RHB Mike Colbern
|
0-0: Ball 1-0: Ground out 6-3 (Groundball, 6, EV 98.8 MPH)
|
|
Batting: LHB Chris Stropolo
|
0-0: Called Strike 0-1: Foul Ball, location: 2F 0-2: Ball 1-2: Foul Ball, location: 2F 1-2: Foul Ball, location: 2F 1-2: Ball 2-2: Foul Ball, location: 2F 2-2: Ball 3-2: Foul Ball, location: 2F 3-2: Ground out 6-3 (Groundball, 6, EV 101.3 MPH)
|
|
Batting: RHB Glenn Williams
|
0-0: Called Strike 0-1: Foul Ball, location: 2F 0-2: Ball 1-2: Ball 2-2: Foul Ball, location: 2F 2-2: Ball 3-2: Fly out, F7 (Flyball, 7S, EV 90.6 MPH)
|
| Top of the 5th over - 0 runs, 0 hits, 0 errors, 0 left on base; Montgomery 0 - Birmingham 2 |
| BOTTOM OF THE 5TH |
|
Birmingham Barons batting - Pitching for Montgomery Rebels : LHP Shane Rawley
|
|
Batting: SHB Giampietro Pasquetto
|
0-0: Called Strike 0-1: Ball 1-1: Called Strike 1-2: Ground out 6-3 (Groundball, 56D, EV 86.9 MPH)
|
|
Batting: RHB Bob Bathe
|
0-0: Bunt missed! 0-1: Ball 1-1: Ball 2-1: Foul Ball, location: 2F 2-2: Ball 3-2: DOUBLE (Line Drive, 89XD, EV 100.0 MPH)
|
|
Batting: LHB Vernon Ramie
|
0-0: Foul Ball, location: 2F 0-1: Ball 1-1: Foul Ball, location: 2F 1-2: Ball 2-2: SINGLE (Line Drive, 7LS, EV 95.0 MPH) Bob Bathe to third Runner from 3rd tries for Home, SAFE, throw by LF to home
|
|
Batting: RHB Tim Hulett
|
0-0: Ball 1-0: Foul Ball, location: 2F 1-1: Foul Ball, location: 2F 1-2: Fly out, F9 (Flyball, 9S, EV 83.1 MPH)
|
|
Batting: RHB Bill R Moore
|
0-0: Foul Ball, location: 2F 0-1: Ball 1-1: Ball 2-1: Fly out, F7 (Line Drive, 7D, EV 91.9 MPH)
|
| Bottom of the 5th over - 1 run, 2 hits, 0 errors, 1 left on base; Montgomery 0 - Birmingham 3 |
| TOP OF THE 6TH |
|
Montgomery Rebels batting - Pitching for Birmingham Barons : LHP Gene Lambert
|
|
Batting: LHB Greg Brock
|
0-0: Called Strike 0-1: Fly out, F8 (Flyball, 89S, EV 91.9 MPH)
|
|
Batting: LHB Dwayne Murphy
|
0-0: Ball 1-0: Foul Ball, location: 2F 1-1: Fly out, F7 (Flyball, 7S, EV 94.4 MPH)
|
|
Batting: RHB Roberto Palacios
|
0-0: Called Strike 0-1: SINGLE (Line Drive, 56, EV 98.8 MPH)
|
|
Batting: SHB Arthur Fischetti
|
0-0: Foul Ball, location: 2F 0-1: Swinging Strike 0-2: Foul Ball, location: 2F 0-2: SINGLE (Line Drive, 7S, EV 109.4 MPH) Roberto Palacios to second
|
|
Batting: SHB Billy Malpas
|
0-0: Swinging Strike 0-1: Ball 1-1: Foul Ball, location: 2F 1-2: Ball 2-2: Fielders Choice at 2nd, 6-4 (Groundball, 56, EV 87.5 MPH)
|
| Top of the 6th over - 0 runs, 2 hits, 0 errors, 2 left on base; Montgomery 0 - Birmingham 3 |
| BOTTOM OF THE 6TH |
|
Birmingham Barons batting - Pitching for Montgomery Rebels : LHP Shane Rawley
|
|
Batting: RHB Jim Wilson
|
0-0: Ball 1-0: Ball 2-0: Ball 3-0: Called Strike 3-1: Ground out 5-3 (Groundball, 56S, EV 86.9 MPH)
|
|
Batting: RHB Rod Johnson
|
0-0: Ball 1-0: Ball 2-0: Fly out, F9 (Flyball, 9D, EV 84.4 MPH)
|
|
Batting: RHB Kenneth Patterson
|
0-0: Ball 1-0: Foul Ball, location: 2F 1-1: Ball 2-1: Foul Ball, location: 2F 2-2: Foul Ball, location: 2F 2-2: Fly out, F7 (Flyball, 7LM, EV 95.0 MPH)
|
| Bottom of the 6th over - 0 runs, 0 hits, 0 errors, 0 left on base; Montgomery 0 - Birmingham 3 |
| TOP OF THE 7TH |
|
Montgomery Rebels batting - Pitching for Birmingham Barons : LHP Gene Lambert
|
|
Batting: SHB Mike Thorpe
|
0-0: Ball 1-0: Ball 2-0: Ground out 5-3 (Groundball, 56S, EV 69.4 MPH)
|
|
Batting: RHB Mike Colbern
|
0-0: Ground out 5-3 (Groundball, 56, EV 86.3 MPH)
|
|
Batting: LHB Chris Stropolo
|
0-0: Ball 1-0: Ball 2-0: Ball 3-0: Base on Balls
|
|
Pitching: RHP Jay Kibbe
|
|
|
Batting: RHB Glenn Williams
|
0-0: Ball 1-0: Swinging Strike 1-1: Foul Ball, location: 2F 1-2: Fly out, F9 (Flyball, 9, EV 92.5 MPH)
|
| Top of the 7th over - 0 runs, 0 hits, 0 errors, 1 left on base; Montgomery 0 - Birmingham 3 |
| BOTTOM OF THE 7TH |
|
Birmingham Barons batting - Pitching for Montgomery Rebels : LHP Shane Rawley
|
|
Batting: RHB Nick Hernandez
|
0-0: Foul Ball, location: 2F 0-1: Foul Ball, location: 2F 0-2: Ball 1-2: Foul Ball, location: 2F 1-2: Ball 2-2: Foul Ball, location: 2F 2-2: Strikes out swinging
|
|
Batting: SHB Giampietro Pasquetto
|
0-0: Foul Ball, location: 2F 0-1: Ground out 5-3 (Groundball, 15, EV 95.0 MPH)
|
|
Batting: RHB Bob Bathe
|
0-0: Ball 1-0: Ball 2-0: Ball 3-0: Called Strike 3-1: Called Strike 3-2: Base on Balls
|
|
Batting: LHB Vernon Ramie
|
0-0: Called Strike 0-1: Ball 1-1: SINGLE (Line Drive, 8LS, EV 98.8 MPH) Bob Bathe to second
|
|
Batting: RHB Tim Hulett
|
0-0: Ball 1-0: Ball 2-0: Ball 3-0: Base on Balls Bob Bathe to third Vernon Ramie to second
|
|
Batting: RHB Bill R Moore
|
0-0: Ball 1-0: Swinging Strike 1-1: Swinging Strike 1-2: Foul Ball, location: 2F 1-2: GRAND SLAM HOME RUN (Line Drive, 7LD, EV 104.4 MPH), Distance : 350 ft
|
|
Pitching: RHP Tony Tinoco
|
|
|
Batting: RHB Jim Wilson
|
0-0: Ball 1-0: Ground out 2-3 (Groundball, 15S, EV 67.5 MPH)
|
| Bottom of the 7th over - 4 runs, 2 hits, 0 errors, 0 left on base; Montgomery 0 - Birmingham 7 |
| TOP OF THE 8TH |
|
Montgomery Rebels batting - Pitching for Birmingham Barons : RHP Jay Kibbe
|
|
Batting: LHB Greg Brock
|
0-0: Swinging Strike 0-1: Ball 1-1: Called Strike 1-2: Fly out, F9 (Line Drive, 9, EV 99.4 MPH)
|
|
Batting: LHB Dwayne Murphy
|
0-0: Ball 1-0: Foul Ball, location: 2F 1-1: Swinging Strike 1-2: SINGLE (Line Drive, 8LS, EV 88.8 MPH)
|
|
Batting: RHB Roberto Palacios
|
0-0: Foul Ball, location: 2F 0-1: Foul Ball, location: 2F 0-2: Hit by Pitch Dwayne Murphy to second
|
|
Batting: SHB Arthur Fischetti
|
0-0: Grounds into double play, 4-6-3 (Groundball, 34, EV 83.8 MPH)
|
| Top of the 8th over - 0 runs, 1 hit, 0 errors, 1 left on base; Montgomery 0 - Birmingham 7 |
| BOTTOM OF THE 8TH |
|
Birmingham Barons batting - Pitching for Montgomery Rebels : RHP Tony Tinoco
|
|
Pinch Hitting: LHB Jeffrey Hardy
|
0-0: Ball 1-0: Ball 2-0: Ball 3-0: Called Strike 3-1: Base on Balls
|
|
Batting: RHB Kenneth Patterson
|
0-0: Ball 1-0: Grounds into double play, 6-4-3 (Groundball, 6, EV 103.1 MPH)
|
|
Batting: RHB Nick Hernandez
|
0-0: Foul Ball, location: 2F 0-1: Ball 1-1: Called Strike 1-2: SINGLE (Groundball, 56D, EV 97.5 MPH)
|
|
Batting: SHB Giampietro Pasquetto
|
0-0: Called Strike 0-1: Fielders Choice at 2nd, 5-4 (Groundball, 56, EV 87.5 MPH)
|
| Bottom of the 8th over - 0 runs, 1 hit, 0 errors, 1 left on base; Montgomery 0 - Birmingham 7 |
| TOP OF THE 9TH |
|
Montgomery Rebels batting - Pitching for Birmingham Barons : RHP Jay Kibbe
|
|
Now at 1B: Timothy Tveit
|
|
|
Batting: SHB Billy Malpas
|
0-0: Called Strike 0-1: Ball 1-1: Foul Ball, location: 2F 1-2: Strikes out swinging
|
|
Batting: SHB Mike Thorpe
|
0-0: Ball 1-0: Foul Ball, location: 2F 1-1: Swinging Strike 1-2: Foul Ball, location: 2F 1-2: Ball 2-2: Foul Ball, location: 2F 2-2: Ball 3-2: Base on Balls
|
|
Batting: RHB Mike Colbern
|
0-0: Swinging Strike 0-1: Foul Ball, location: 2F 0-2: Ball 1-2: Ball 2-2: Foul Ball, location: 2F 2-2: Strikes out swinging
|
|
Batting: LHB Chris Stropolo
|
0-0: Called Strike 0-1: SINGLE (Groundball, 6MD, EV 83.1 MPH) (infield hit) Mike Thorpe to second
|
|
Batting: RHB Glenn Williams
|
0-0: Ball 1-0: Foul Ball, location: 2F 1-1: Called Strike 1-2: Ball 2-2: Ball 3-2: Foul Ball, location: 2F 3-2: Base on Balls Mike Thorpe to third Chris Stropolo to second
|
|
Batting: LHB Greg Brock
|
0-0: DOUBLE (Flyball, 8LXD, EV 92.5 MPH) Mike Thorpe scores Chris Stropolo scores Glenn Williams to third
|
|
Batting: LHB Dwayne Murphy
|
0-0: Called Strike 0-1: Fly out, F7 (Line Drive, 7D, EV 96.3 MPH)
|
| Top of the 9th over - 2 runs, 2 hits, 0 errors, 2 left on base; Montgomery 2 - Birmingham 7 |
|